Map: Abyssal Reef LE

Players

HiotOfC

  • Race: Zerg Zerg
  • League: Diamond
  • Spawn Location: 5:00

A.I. 1 (Medium) - Winner!

  • Race: Protoss Protoss
  • Spawn Location: 11:00

VOD

Have the link to the VOD?

Description

Time

  • Played on: March 20, 2017, 5:08 p.m.
  • Length: 4:58
Show
View Real Time Build Order
Export as new Build Order

HiotOfC Zerg 

Build Orders: Hatch First, Zergling Baneling 

Get SALT Encoding   

  12  0:01  Drone  
  13  0:12  Overlord  
  13  0:17  Drone  
  14  0:24  Overlord  
  14  0:31  Drone  
  14  0:35  Drone  
  16  0:45  Drone  
  17  0:56  Drone  
  18  1:06  Hatchery  
  18  1:07  Drone  
  18  1:23  Spawning Pool  
  18  1:24  Extractor  
  16  1:26  Drone  
  16  1:29  Drone  
  18  1:39  Extractor  
  17  1:42  Drone  
  18  1:49  Drone  
  19  2:00  Drone  
  20  2:10  Queen  
  20  2:13  Overlord  
  22  2:18  Queen  
  22  2:20  Drone  
  26  2:22  Drone  
  26  2:28  Metabolic Boost  
  26  2:45  Baneling Nest, Queen, Drone  
  26  2:47  Zergling x4  
  26  2:51  Zergling x2  
  31  2:52  Zergling x2  
  31  2:58  Zergling x2  
  33  3:01  Zergling x2  
  34  3:06  Zergling x2  
  35  3:13  Zergling x2  
  35  3:15  Zergling x2  
  37  3:20  Zergling x2  
  37  3:24  Zergling x6  
  41  3:28  Zergling x2  
  41  3:30  Zergling x2  
  43  3:35  Overlord  
  43  3:39  Drone  
  44  3:44  Baneling  
  44  3:45  Baneling x2  
  44  3:46  Baneling  
  44  3:47  Baneling  
  44  3:49  Baneling  
  44  3:50  Baneling  
  44  3:52  Baneling  
  44  3:54  Baneling  
  44  3:56  Baneling  
  44  3:58  Baneling  
  44  3:59  Baneling  
  44  4:01  Baneling  
  44  4:02  Baneling  
  44  4:19  Drone  
  44  4:21  Drone  
  47  4:24  Zergling x2  
  47  4:29  Overlord  
  47  4:33  Drone  
  47  4:35  Zergling x2  
  49  4:46  Evolution Chamber  
  49  4:50  Evolution Chamber  
Show
View Real Time Build Order
Export as new Build Order

A.I. 1 (Medium) Protoss - Winner!

Build Orders:  

Get SALT Encoding   

  12  0:01  Probe (Chrono Boost)  
  13  0:11  Probe (Chrono Boost)  
  14  0:19  Pylon  
  14  0:22  Probe (Chrono Boost)  
  15  0:37  Probe (Chrono Boost)  
  15  0:39  Gateway  
  16  0:46  Assimilator  
  16  0:48  Probe (Chrono Boost)  
  17  0:58  Probe (Chrono Boost)  
  17  1:00  Pylon  
  18  1:27  Gateway  
  18  1:31  Cybernetics Core  
  18  1:34  Assimilator  
  18  1:44  Zealot  
  20  2:02  Warp Gate  
  20  2:04  Pylon  
  20  2:09  Adept  
  22  2:19  Zealot  
  24  2:36  Adept  
  26  2:46  Probe (Chrono Boost), Adept  
  29  2:58  Pylon  
  29  3:00  Probe (Chrono Boost), Stalker  
  32  3:11  Adept  
  32  3:12  Probe (Chrono Boost)  
  35  3:21  Forge  
  35  3:24  Probe (Chrono Boost)  
  36  3:30  Adept  
  38  3:35  Probe (Chrono Boost)  
  39  3:47  Probe (Chrono Boost)  
  40  4:19  Probe (Chrono Boost)  
Tags
 
League
Diamond
Matchup
PvZ
Spawn Locations
Cross Positions
Add a new tag
Caveats
  • Supply blocks, unpowered buildings, or Contaminate may cause inaccurate times.
  • Supply counts are checked every 10 seconds.